cohdb
Replays
Latest Replays
All Replays
Popular Replays
Top Player Replays
Match Explorer
How It Works
Community
CoH3 Stats
Reddit
Sign in to upload your games and track your stats! →
Sign in with Steam
Match 47389582
Unlisted
Match 47389582
Overview
Messages
Build Orders
End
Construct Infanterie Kompanie
Kettenkrad Recon Vehicle
MG 42 Machine Gun Team
Selects Terror Battlegroup
Selects Machine Gun Camouflage
MG 42 Machine Gun Team
Grenadier Squad
Grenadier Squad
Construct Panzergrenadier Kompanie
251 Medium Carrier
Pak 40 Anti-tank Gun Team
MG 42 Machine Gun Team
Medical Station
Construct Panzer Kompanie
Pak 40 Anti-tank Gun Team
Sturmpanzer IV Brummbär
Selects No Quarter
251 Medium Carrier
Pak 40 Anti-tank Gun Team
Panzer IV Medium Tank
Sturmpanzer IV Brummbär
Bruno.s
Thunderhill
_[IQ]_KING OF IRAQ_
Narobit
Opuds8
JVM
Deadlych910
moon5
0
0
Comments
sign in to comment!
No comments posted yet!